 Dungeon Crawl Stone Soup version 0.16.0-11-gd45b091 (console) character file.

82 gw the Charlatan (level 4, 34/34 HPs)
             Began as a Human Artificer on Mar 18, 2015.
             Starved to death
             ... while paralysed
             ... on level 3 of the Dungeon.
             The game lasted 00:03:07 (3254 turns).

gw the Charlatan (Human Artificer)                  Turns: 3254, Time: 00:03:07

Health: 34/34      AC: 11    Str: 14    XL:     4   Next: 70%
Magic:  6/6        EV:  2    Int: 13    God:
Gold:   243        SH:  0    Dex: 14    Spells: 0 memorised, 3 levels left

rFire  . . .     SeeInvis .     a - +0 short sword
rCold  . . .     Clarity  .     o - +0 chain mail
rNeg   + . .     SustAb   .     (no shield)
rPois  .         Gourm    .     f - +1 helmet
rElec  .         Spirit   .     (no cloak)
rCorr  .         Warding  +     m - +0 pair of gloves
rMut   .         Stasis   .     (no boots)
MR     .....                    i - amulet of warding
Stlth  ..........               (no ring)
                                q - +3 ring of strength

@: paralysed, starving, not resistant to hostile enchantments, extremely
unstealthy
A: no striking features
a: no special abilities


You were on level 3 of the Dungeon.
You were starving.

You visited 1 branch of the dungeon, and saw 3 of its levels.

You collected 243 gold pieces.

Inventory:

Hand weapons
 a - a +0 short sword (weapon)
Missiles
 h - 10 bolts of flame
 s - 20 bolts
Armour
 f - a +1 helmet (worn)
 m - a +0 pair of gloves (worn)
 o - a +0 chain mail (worn)
Jewellery
 i - an amulet of warding (around neck)
 q - a +3 ring of strength (left hand)
Magical devices
 b - a wand of flame (15)
 c - a wand of enslavement (15)
 d - a wand of random effects (15)
 e - a wand of confusion (24)
Scrolls
 j - 3 scrolls of identify
 r - a scroll of teleportation
 u - a scroll of enchant weapon {unknown}
Potions
 g - a potion of haste
 k - 3 potions of curing
 p - a potion of mutation {unknown}
Comestibles
 l - a slice of pizza
 n - 2 bread rations
 t - 10 fruits
 v - a beef jerky


   Skills:
 + Level 2.5 Fighting
 * Level 2.4 Short Blades
 + Level 1.9 Armour
 - Level 2.0 Dodging
 - Level 1.0 Stealth
 - Level 3.0 Evocations


You had 3 spell levels left.
You didn't know any spells.

Dungeon Overview and Level Annotations

Branches:
Dungeon (3/15)

Altars:
Fedhas
Gozag
Ru


Message History

Unknown command.
Unknown command.
Unknown command.
Attempting RANGED ATTACK TO (5,5); ATTACKING (1,1)
You swing at nothing.
Unknown command.
Unknown command.
Unknown command.
Unknown command.
Attempting RANGED ATTACK TO (5,5); ATTACKING (1,1)
You swing at nothing.
Unknown command.
Unknown command.
Unknown command.
Unknown command.
Attempting RANGED ATTACK TO (5,5); ATTACKING (1,1)
You swing at nothing.
You lose consciousness!
You have starved to death.
You die...

############
#..........#########
#.#.....>..+........
#...........#######.
#.'#######'.......'.
#.#p..# .#....####.
#.#...# ..#....# #.
###.......#....# ##
###._.###....#
.....#....#
.#.r.#....# #..
#....# +..[.# ###


You could see a quokka (paralysed).

Table legend:
 A = Turns spent in this place as a percentage of turns spent in the entire game.
 B = Non-inter-level travel turns spent in this place as a percentage of non-inter-level travel turns spent in the entire game.
 C = Inter-level travel turns spent in this place as a percentage of turns spent in this place.
 D = Turns resting spent in this place as a percentage of non-inter-level travel turns spent in this place.
 E = Turns spent auto-exploring this place as a percentage of non-inter-level travel turns spent in this place.
 F = Non-inter-level travel turns spent in this place divided by the number of levels of this place that you've seen.
                   A       B       C       D       E      F
               +-------+-------+-------+-------+-------+----------------------
         Total | 100.0 | 100.0 |   0.1 |   0.9 |   1.6 | 2151.7
       Dungeon | 100.0 | 100.0 |   0.1 |   0.9 |   1.6 | 2151.7
               +-------+-------+-------+-------+-------+----------------------

Table legend:
 A = Kills in this place as a percentage of kills in entire the game.
 B = Kills by you in this place as a percentage of kills by you in the entire game.
 C = Kills by friends in this place as a percentage of kills by friends in the entire game.
 D = Other kills in this place as a percentage of other kills in the entire game.
 E = Experience gained in this place as a percentage of experience gained in the entire game.
 F = Experience gained in this place divided by the number of levels of this place that you have seen.
                   A       B       C       D       E      F
               +-------+-------+-------+-------+-------+----------------------
         Total | 100.0 | 100.0 |  -nan |  -nan | 100.0 |  39.3
       Dungeon | 100.0 | 100.0 |  -nan |  -nan | 100.0 |  39.3
               +-------+-------+-------+-------+-------+----------------------

Vanquished Creatures
  4 adders
  A worm (D:2)
  A giant gecko (D:1)
  A ball python (D:3)
  3 giant cockroaches
  2 goblins
  5 hobgoblins
  10 bats
  3 giant newts
  6 kobolds
  4 rats
40 creatures vanquished.

Notes
Turn   | Place    | Note
--------------------------------------------------------------
     0 | D:1      | gw, the Human Artificer, began the quest for the Orb.
     0 | D:1      | Reached XP level 1. HP: 15/15 MP: 1/1
   470 | D:1      | Reached XP level 2. HP: 16/21 MP: 3/3
  1079 | D:2      | Reached skill level 1 in Armour
  1410 | D:2      | Reached XP level 3. HP: 27/27 MP: 4/4
  1979 | D:2      | Reached XP level 4. HP: 31/34 MP: 6/6
  2223 | D:3      | Found an opulent altar of Gozag.
  2378 | D:3      | Found a blossoming altar of Fedhas.
  2663 | D:3      | Found a sacrificial altar of Ru.
  3254 | D:3      | Starved to death

Action                   |  1- 3 |  4- 6 || total
-------------------------+-------+-------++-------
Melee: Short sword       |    99 |    48 ||   147
  Use: Scroll            |     2 |     2 ||     4
       Potion            |     2 |     2 ||     4
 Stab: Distracted        |     1 |       ||     1
  Eat: Chunk             |     1 |     1 ||     2
       Bread ration      |     1 |       ||     1

Vault maps used:
D:1:      dpeg_arrival_shrine, hangedman_decor_opposing
D:2:      amethyst_killhole, minmay_misc_feat_roman
D:3:      old_standard_altar, fedhas_altar_1,
          nicolae_ru_great_annihilating_truth, first_bread
